 Dungeon Crawl Stone Soup version 0.18-a0-337-g1235303 (webtiles) character file.

5607 Raultor the Destroyer (level 10, -8/50 HPs)
             Began as a Deep Elf Conjurer on Nov 28, 2015.
             Was a Priest of Vehumet.
             Mangled by Raultor's ghost (15 damage)
             ... on level 8 of the Dungeon.
             The game lasted 00:49:05 (10226 turns).

Raultor the Destroyer (Deep Elf Conjurer)          Turns: 10226, Time: 00:49:06

Health: -8/50      AC:  8    Str:  5    XL:     10   Next: 45%
Magic:  7/25       EV: 13    Int: 24    God:    Vehumet [***...]
Gold:   193        SH:  0    Dex: 18    Spells: 6 memorised, 11 levels left

rFire  + . .     SeeInvis .     O - +5 quarterstaff (chaos)
rCold  . . .     Clarity  .     a - +0 robe
rNeg   . . .     SustAt   .     (shield currently unavailable)
rPois  +         Gourm    .     (no helmet)
rElec  .         Spirit   .     P - +0 cloak
rCorr  +         Warding  .     G - +1 pair of gloves
rMut   .         Stasis   .     M - +2 pair of boots of Jaffischo {*Drain +Blink rPois rCorr}
MR     +....                    (no amulet)
Stlth  ++........               I - +3 ring of dexterity
                                F - ring of protection from fire

@: repel missiles, somewhat resistant to hostile enchantments, unstealthy
A: no striking features
a: Renounce Religion, Evoke Blink


You were on level 8 of the Dungeon.
You worshipped Vehumet.
Vehumet was most pleased with you.
You were not hungry.

You visited 2 branches of the dungeon, and saw 9 of its levels.
You also visited: Sewer.

You collected 520 gold pieces.
You spent 327 gold pieces at shops.

Inventory:

Hand Weapons
 d - a +0 spear
 q - a +0 quarterstaff
 H - a +2 short sword
 O - a +5 quarterstaff of chaos (weapon)
Armour
 a - a +0 robe (worn)
 G - a +1 pair of gloves (worn)
 M - the +2 pair of boots of Jaffischo (worn) {*Drain +Blink rPois rCorr}
   (You bought it in a shop on level 5 of the Dungeon)

   It protects you from poison.
   It lets you blink.
   It protects you from acid and corrosion.
   It causes draining when unequipped.
 P - a +0 cloak (worn)
Magical Staves
 U - an uncursed staff of death
Jewellery
 e - an uncursed ring of fire
 B - an uncursed ring of poison resistance
 D - an uncursed ring of sustain attributes
 F - a ring of protection from fire (left hand)
 I - a +3 ring of dexterity (right hand)
Wands
 n - a wand of confusion (9)
 y - a wand of draining (5)
 K - a wand of flame (48)
 X - a wand of digging (14)
Scrolls
 f - 6 scrolls of identify
 g - 4 scrolls of teleportation
 h - a scroll of enchant armour
 k - 6 scrolls of remove curse
 p - 2 scrolls of recharging
 A - a scroll of amnesia {unknown}
 N - a scroll of random uselessness {unknown}
 S - a scroll of fog {unknown}
Potions
 l - a potion of lignification
 m - 2 potions of curing
 o - 4 potions of cancellation
 t - 4 potions of agility {unknown}
 u - 2 potions of mutation {unknown}
 w - a potion of flight
 z - a potion of invisibility {unknown}
 C - a potion of brilliance {unknown}
 E - a potion of berserk rage {unknown}
 L - 2 potions of degeneration {unknown}
 T - 3 potions of might {unknown}
 V - a potion of poison {unknown}
Books
 b - a book of Conjurations

   Spells                             Type                      Level
   a - Magic Dart                     Conjuration                  1
   b - Searing Ray                    Conjuration                  2
   c - Dazzling Spray                 Conjuration/Hexes            3
   d - Fulminant Prism                Conjuration/Hexes            4
   e - Iskenderun's Mystic Blast      Conjuration                  4
   f - Iskenderun's Battlesphere      Conjuration/Charms           5
 v - a book of Enchantments

   Spells                             Type                      Level
   a - Cause Fear                     Hexes                        4
   b - Yara's Violent Unravelling     Hexes/Transmutation          5
   c - Silence                        Hexes/Air                    5
   d - Deflect Missiles               Charms/Air                   6
   e - Haste                          Charms                       6
   f - Discord                        Hexes                        8
 J - a Grand Grimoire

   Spells                             Type                      Level
   a - Monstrous Menagerie            Summoning                    6
   b - Summon Greater Demon           Summoning                    7
   c - Malign Gateway                 Summoning/Translocation      7
   d - Summon Horrible Things         Summoning                    8
 W - a book of Air

   Spells                             Type                      Level
   a - Shock                          Conjuration/Air              1
   b - Swiftness                      Charms/Air                   2
   c - Repel Missiles                 Charms/Air                   2
   d - Static Discharge               Conjuration/Air              3
   e - Lightning Bolt                 Conjuration/Air              5
Comestibles
 c - 7 bread rations
 i - 10 chunks of flesh
 j - 14 fruits
 r - 4 beef jerkies
 s - 5 meat rations
 x - a royal jelly
 Q - 7 slices of pizza


   Skills:
 - Level 0.1 Fighting
 - Level 0.1 Polearms
 - Level 0.2 Staves
 - Level 2.4 Dodging
 - Level 2.4 Stealth
 + Level 9.7 Spellcasting
 * Level 13.5 Conjurations
 - Level 3.0 Hexes
 - Level 7.9 Charms
 - Level 3.0 Evocations


You had 11 spell levels left.
You knew the following spells:

 Your Spells              Type           Power        Failure   Level  Hunger
a - Magic Dart            Conj           ####         1%          1    None
b - Fulminant Prism       Conj/Hex       ######....   1%          4    #......
c - Iskenderun's Battles  Conj/Chrm      ######..     1%          5    ####...
d - Throw Flame           Conj/Fire      #####.       1%          2    None
e - Repel Missiles        Chrm/Air       ####..       1%          2    None
f - Mephitic Cloud        Conj/Pois/Air  ####....     1%          3    None


Dungeon Overview and Level Annotations

Branches:
Dungeon (8/15)             Temple (1/1) D:5
   Lair: D:8-11

Altars:
Ashenzari
Cheibriados
Dithmenos
Elyvilon
Fedhas
Gozag
Kikubaaqudgha
Makhleb
Nemelex Xobeh
Okawaru
Qazlal
Ru
Sif Muna
Trog
Vehumet
Xom
Yredelemnul
Zin
The Shining One

Shops:
D:5 [   D:6 !   D:7 ?=??   D:8 %

Annotations:
D:4 exclusion: slave, Pikel
D:8 Raultor's ghost, novice FoFi


Message History

You blink.
You feel slightly more hungry.
Found Byxzusof's Food Shop.
There is a stone staircase leading down here.
Found a plain deck of cards.
Found a sparkling altar of Nemelex Xobeh.
Drink which item? (? for menu, Esc to quit)
Okay, then.
Casting: Magic Dart
Confirm with . or Enter, or press ? or * to list all spells.
Aiming: Magic Dart
Press: ? - help, Shift-Dir - straight line, f/p - Raultor's ghost
Aim: Raultor's ghost (severely damaged)
The magic dart hits Raultor's ghost.
Raultor's ghost is severely damaged.
Your battlesphere fires!
The barrage of energy hits Raultor's ghost.
Raultor's ghost is severely damaged.
Raultor's ghost whispers, "The ORB doesn't exist."
Raultor's ghost hits you!
You die...

.. #..#.##.#####.#
..##....##.((....#
.........[[)..######
.........[....#
.##...≈..>....#
#..≈≈.*.....#
#.≈≈........#
#...≈..W....#
#...≈..@....#
#...........#
#.....∩.....#
#...........#
#........._.#
#############


You could see Raultor's ghost.

Vanquished Creatures
  Eustachio (D:5)
  2 hogs (D:7)
  A human (D:7)
  A hungry ghost (D:8)
  Grum (D:8)
  A steam dragon (D:8)
  2 wolves (D:8)
  Menkaure (D:5)
  Edmund (D:4)
  A sky beast (D:5)
  A slave (D:4)
  Purgy (Sewer)
  An ice beast (D:8)
  2 orc warriors (D:8)
  4 phantoms
  4 ogres
  2 centaurs (D:7)
  A gnoll sergeant (D:6)
  2 giant frogs
  A wyvern skeleton (D:5)
  A scorpion (D:7)
  11 wights
  4 killer bees (D:8)
  6 crimson imps
  2 electric eels (D:8)
  3 hounds
  2 quasits
  4 jellies
  Crazy Yiuf (D:6)
  Ijyb (D:2)
  7 orc priests
  12 orc wizards
  4 giant frog skeletons
  A centaur skeleton (D:7)
  3 iguanas
  7 worker ants
  2 sheep (D:6)
  A killer bee zombie (D:5)
  A hound zombie (D:7)
  A worker ant zombie (D:7)
  10 adders
  2 river rats (D:4)
  4 gnolls (D:6)
  An adder zombie (D:2)
  3 worms
  The ghost of 4thArraOfDagon the Chiller, a weakling FoIE (D:5)
  6 giant geckos
  27 orcs
  2 bat skeletons (D:2)
  7 giant cockroaches
  9 goblins
  9 hobgoblins
  21 jackals
  6 kobolds
  2 quokkas (D:6)
  6 ball pythons
  8 bats
  A giant cockroach zombie (D:2)
  A giant gecko skeleton (D:2)
  6 giant newts
  2 quokka skeletons (D:2)
  8 rats
247 creatures vanquished.

Vanquished Creatures (others)
  27 fulminant prisms
27 creatures vanquished.

Grand Total: 274 creatures vanquished

Notes
Turn   | Place    | Note
--------------------------------------------------------------
     0 | D:1      | Raultor the Deep Elf Conjurer began the quest for the Orb.
     0 | D:1      | Reached XP level 1. HP: 10/10 MP: 6/6
   144 | D:1      | Reached XP level 2. HP: 7/15 MP: 0/8
   157 | D:1      | Reached skill level 5 in Conjurations
   794 | D:1      | Reached XP level 3. HP: 19/19 MP: 2/9
  1330 | D:2      | Found a sacrificial altar of Ru.
  1617 | D:2      | Reached XP level 4. HP: 24/24 MP: 7/11
  1627 | D:2      | Learned a level 4 spell: Fulminant Prism
  1878 | D:2      | Noticed Ijyb
  1901 | D:2      | Killed Ijyb
  1901 | D:2      | Reached skill level 6 in Conjurations
  2490 | D:3      | Reached XP level 5. HP: 28/28 MP: 1/12
  2638 | D:3      | Reached skill level 1 in Hexes
  3283 | D:4      | Noticed Edmund
  3300 | D:4      | Killed Edmund
  3300 | D:4      | Reached skill level 7 in Conjurations
  3300 | D:4      | Reached XP level 6. HP: 11/32 MP: 1/14
  3818 | D:4      | Learned a level 5 spell: Iskenderun's Battlesphere
  3820 | D:4      | Found a glowing drain.
  3837 | D:4      | Reached skill level 8 in Conjurations
  3862 | Sewer    | Entered a sewer
  3910 | Sewer    | Reached skill level 1 in Charms
  4049 | Sewer    | Noticed Purgy
  4059 | Sewer    | Killed Purgy
  4059 | Sewer    | Reached XP level 7. HP: 31/36 MP: 5/15
  4194 | D:4      | Noticed Pikel
  4477 | D:5      | Entered Level 5 of the Dungeon
  4481 | D:5      | Noticed 4thArraOfDagon's ghost (weakling FoIE)
  4487 | D:5      | Killed 4thArraOfDagon's ghost
  4681 | D:5      | Reached skill level 5 in Charms
  4780 | D:5      | Found a staircase to the Ecumenical Temple.
  4798 | Temple   | Entered the Ecumenical Temple
  4933 | D:5      | Found a radiant altar of Vehumet.
  4950 | D:5      | Became a worshipper of Vehumet
  5153 | D:5      | Found a shimmering altar of Xom.
  5202 | D:5      | Noticed Eustachio
  5468 | D:6      | Found Eqap's Distillery.
  5506 | D:6      | Reached XP level 8. HP: 38/41 MP: 8/16
  5520 | D:6      | Found a white marble altar of Elyvilon.
  5844 | D:6      | Reached skill level 9 in Conjurations
  6282 | D:6      | Reached skill level 5 in Spellcasting
  6396 | D:6      | Reached * piety under Vehumet
  6396 | D:6      | Offered knowledge of Shock by Vehumet.
  6446 | D:6      | Reached skill level 10 in Conjurations
  6618 | D:5      | Found Hibised's Armour Shoppe.
  6626 | D:5      | Bought the +2 pair of boots of Jaffischo {*Drain +Blink rPois rCorr} for 327 gold pieces
  6632 | D:5      | Noticed Menkaure
  6636 | D:5      | Killed Menkaure
  6724 | D:5      | Killed Eustachio
  6724 | D:5      | Reached skill level 1 in Evocations
  6824 | D:5      | Reached XP level 9. HP: 41/45 MP: 11/20
  7324 | D:6      | Noticed Crazy Yiuf
  7331 | D:6      | Killed Crazy Yiuf
  7474 | D:7      | Found Okkeun's Magic Scroll Boutique.
  7559 | D:7      | Reached skill level 11 in Conjurations
  7685 | D:7      | Found Toxt's Jewellery Boutique.
  7706 | D:7      | Offered knowledge of Throw Flame by Vehumet.
  7710 | D:7      | Learned a level 2 spell: Throw Flame
  8061 | D:7      | Found Hasmeser's Magic Scroll Shoppe.
  8149 | D:7      | Found Dafew's Jewellery Shoppe.
  8177 | D:7      | Found a snail-covered altar of Cheibriados.
  8180 | D:7      | Reached ** piety under Vehumet
  8228 | D:7      | Found a blossoming altar of Fedhas.
  8653 | D:7      | Reached skill level 12 in Conjurations
  8847 | D:7      | Found Nudush's Magic Scroll Shop.
  9154 | D:8      | Offered knowledge of Inner Flame by Vehumet.
  9159 | D:8      | Reached XP level 10. HP: 50/50 MP: 10/24
  9287 | D:8      | Learned a level 2 spell: Repel Missiles
  9472 | D:8      | Reached *** piety under Vehumet
  9475 | D:8      | Noticed Raultor's ghost (novice FoFi)
  9545 | D:8      | Noticed Grum
  9562 | D:8      | Killed Grum
  9616 | D:8      | HP: 2/50 [Raultor's ghost (8)]
  9908 | D:8      | Reached skill level 13 in Conjurations
 10196 | D:8      | Offered knowledge of Mephitic Cloud by Vehumet.
 10205 | D:8      | Learned a level 3 spell: Mephitic Cloud
 10220 | D:8      | Found Byxzusof's Food Shop.
 10222 | D:8      | Found a sparkling altar of Nemelex Xobeh.
 10226 | D:8      | Mangled by Raultor's ghost

Vault maps used:
D:1:      sevenhm_arrival_forest_fort_large_2
D:2:      old_standard_altar, serial_undead, serial_undead_f, serial_undead_f,
          serial_undead_a, serial_undead_b, serial_undead_e, serial_undead_b,
          uniq_iyjb
D:3:      hex_tiny, kennysheep_nondescript
D:4:      portal_sewer_entry_a, uniq_edmund, uniq_pikel
D:5:      lemuel_doored_altar, old_standard_altar, minmay_temple_entry_junction,
          first_bread, serial_shops, nicolae_shop_trees, minivault_27,
          uniq_eustachio, uniq_menkaure
D:6:      elyvilon_altar_1, serial_shops, nicolae_shop_behind_doors,
          nrook_mini_backslash, uniq_crazy_yiuf_cottage
D:7:      kennysheep_little_box, slow_altar_2, serial_shops, shop_fountains,
          shop, shop, nicolae_shop_competitors_out_of_business, shop,
          grunt_livestock
D:8:      kennysheep_steamy, nemelex_deck, serial_shops, shop, tgw_xom,
          uniq_grum
Temple:   circular_temple_12
Sewer:    sewer_the_crocodile

Action                   |  1- 3 |  4- 6 |  7- 9 | 10-12 || total
-------------------------+-------+-------+-------+-------++-------
Melee: Spear             |    27 |       |       |       ||    27
       Quarterstaff      |       |     7 |     2 |    11 ||    20
       Staff             |       |       |       |     7 ||     7
 Cast: Magic Dart        |    90 |   121 |   241 |    80 ||   532
       Fulminant Prism   |       |     5 |    16 |     6 ||    27
       Iskenderun's Batt |       |       |    23 |    11 ||    34
       Throw Flame       |       |       |    33 |     2 ||    35
       Repel Missiles    |       |       |       |     1 ||     1
 Abil: Evoke Blink       |       |       |     1 |     2 ||     3
  Use: Scroll            |       |       |    15 |       ||    15
       Potion            |       |       |     1 |     1 ||     2
  Eat: Chunk             |     2 |     6 |    15 |     7 ||    30
       Bread ration      |       |     1 |     1 |       ||     2
       Pizza             |       |       |     1 |       ||     1
